Workbook

Sheet Акт
A1: АКТ № 58/5-2017
A2: приемки оказанных услуг и (или) выполненных работ по содержанию и текущему ремонту общего имущества в многоквартирном доме № 5 квартала 58.
A3: г. Ангарск | D3: "31" марта 2018 г.
A5: Наименование вида работы (услуги) | B5: Периодичность/ количественный показатель выполненной работы (оказанной услуги) | C5: Единица измерения работы (услуги) | D5: Стоимость /сметная стоимость выполненной работы (оказанной услуги) за единицу | E5: Цена выполненной работы (оказанной услуги), в рублях
A6: Аварийное обслуживание
A7: Аварийное обслуживание | B7: Ежедневно | C7: руб. | D7: =E7 -> 1285.18 | E7: 1285.18
A8: Благоустройство
A9: Выкашивание газонов | B9: 2400 | C9: м2 | D9: =E9/B9 -> 3.9500042 | E9: 9480.01
A10: Вырезка сухих ветвей деревьев лиственных пород диаметр: до 350 мм при кол-ве срезанных ветвей до 15 | B10: 1 | C10: 1 дерево | D10: =E10/B10 -> 382.62 | E10: 382.62
A11: Вывоз и утилизация ТКО, в т.ч. крупногабаритного мусора
A12: Услуги по вывозу и утилизации ТБО, в т.ч. крупногабаритного мусора | B12: Ежедневно | C12: руб. | D12: =E12 -> 26378.4 | E12: 26378.4
A13: Обслуживание и текущий ремонт электрооборудования жилых домов
A14: Обслуживание и текущий ремонт электрооборудования жилых домов | B14: По плану | C14: руб. | D14: =E14 -> 3262.48 | E14: 3262.48
A15: Обслуживание инженерного оборудования
A16: Запуск системы отопления. | B16: 1 | C16: 1 здание | D16: =E16/B16 -> 796.94 | E16: 796.94
A17: Опрессовка ТУ диаметром: до 50 мм | B17: 0.07 | C17: 100 м | D17: =E17/B17 -> 3731 | E17: 261.17
A18: Осмотр системы центрального отопления, устройств в чердачных и подвальных помещениях. | B18: 0.27 | C18: 1000 м2 | D18: =E18/B18 -> 1644.1481 | E18: 443.92
A19: Осмотр СТО | B19: 0.02 | C19: 100 квартир | D19: =E19/B19 -> 20337.5 | E19: 406.75
A20: Осмотр СТО в чердачных и подвальных помещениях (весенний и осенний) | B20: 0.7 | C20: 1000 м2 | D20: =E20/B20 -> 1559.1143 | E20: 1091.38
A21: Осмотр, РХВ замеры | B21: 0.02 | C21: 100 шт. | D21: =E21/B21 -> 22494.5 | E21: 449.89
A22: Отключение системы отопления (консервация) - прим. | B22: 1 | C22: 1 здание | D22: =E22/B22 -> 384.58 | E22: 384.58
A23: Перевод отопления с подачи на обратку или с обратки на подачу | B23: 4 | C23: узел | D23: =E23/B23 -> 160.43 | E23: 641.72
A24: Подготовка элеваторного узла Д-50 к зиме | B24: 1 | C24: шт | D24: =E24/B24 -> 2918.24 | E24: 2918.24
A25: Промывка трубопровода системы отопления | B25: 4035 | C25: м3 | D25: =E25/B25 -> 1.1837993 | E25: 4776.63
A26: Регулировка балансировочного клапана | B26: 1 | C26: шт | D26: =E26/B26 -> 387.91 | E26: 387.91
A27: Сдача ИТП представителю энергоснабжающей организации, составление акта | B27: 1 | C27: 1 ИТП | D27: =E27/B27 -> 438.91 | E27: 438.91
A28: Снятие и запись замера в наряде (ИТП,РХВ) | B28: 28 | C28: 1 ИТП | D28: =E28/B28 -> 228.12357 | E28: 6387.46
A29: Обслуживание конструктивных элементов
A30: Осмотр кровли, чердака, подъездов, подвального помещения - весенний осмотр | B30: 0.73 | C30: 1000 м2 | D30: =E30/B30 -> 1705.4521 | E30: 1244.98
A31: Осмотр СТО в чердачных и подвальных помещениях (весенний и осенний) | B31: 0.73 | C31: 1000 м2 | D31: =E31/B31 -> 1613.6164 | E31: 1177.94
A32: Очистка кровли от снега толщ. 10 см, сбивание сосулей | B32: 25 | C32: 1 м 2 основания | D32: =E32/B32 -> 30.6996 | E32: 767.49
A33: Расходы на истребование задолженности по оплате жилых помещений
A34: Истребование дебиторской задолженности | B34: По факту | C34: руб. | D34: =E34 -> 476.34 | E34: 476.34
A35: Текущий ремонт инженерного оборудования
A36: Очистка фильтра от накипи (отложений) | B36: 2 | C36: шт | D36: =E36/B36 -> 936.9 | E36: 1873.8
A37: Текущий ремонт конструктивных элементов жилых зданий
A38: Ремонт отдельных мест скатной кровли (материалом Унифлекс) | B38: 0.44 | C38: м2 | D38: =E38/B38 -> 994.88636 | E38: 437.75
A39: Укрепление штакетного забора | B39: 0.1 | C39: 100 м2 | D39: =E39/B39 -> 17605.9 | E39: 1760.59
A40: Устройство мелких покрытий (брандмауэры, парапеты, свесы и т.п.) из листовой оцинкованной стали | B40: 0.004 | C40: 100 м2 | D40: =E40/B40 -> 156142.5 | E40: 624.57
A41: Транспортные расходы
A42: Услуги автотранспорта | B42: По факту | C42: руб. | D42: =E42 -> 1742.46 | E42: 1742.46
A43: Уборка придомовой территории
A44: Уборка придомовой территории | B44: Еженедельно | C44: м2 | D44: =E44 -> 55896.96 | E44: =Бюджет!B19 -> 55896.96
A45: Уборка чердаков и подвалов
A46: Очистка чердаков и подвалов | B46: 133.6 | C46: м2 | E46: 941.88
A47: Услуги по управлению МКД
A48: Услуги по управлению МКД | B48: Ежедневно | C48: руб. | D48: =E48 -> 14005.66 | E48: 14005.66
A49: Итого: | E49: =SUM(E7:E48) -> 141124.61
A51: Всего за период с "01" января 2017 г. по "31"декабря 2017 г. выполнено работ (оказано услуг)
A52: на общую сумму 141 124,61 руб. (Сто сорок одна тысяча сто двадцать четыре рубля 61 копейка)
A53: Работы (услуги) выполнены (оказаны) полностью, в установленные сроки, с надлежащим качеством.
A54: Претензий по выполнению условий Договора Стороны друг к другу не имеют.
A55: Настоящий Акт составлен в 2-х экземплярах, имеющих одинаковую юридическую силу,
A56: по одному для каждой из Сторон.
A58: Подписи Сторон:
A60: Исполнитель - Директор ООО "ЖЭУ № 6" Плотников А.А. | D60: __________________________
A61: (должность, ФИО) | D61: (подпись)
A63: Заказчик - ____________________________________________________ | D63: __________________________
A64: (ФИО) | D64: (подпись)

Sheet Бюджет
A1: Отчет по бюджету №58/5-2017
A3: Период: с 01.01.2017 по 31.12.2017 года.
A5: Строение / По типу работ | B5: Расходы | C5: Начисления | D5: Поступления
A6: Долг за выполненные работы на 01.01.2017 г. | B6: 188882.32
A7: Cодержание жилья | C7: 113678.16 | D7: 104090.56
A8: Вывоз и утилизация ТКО | C8: 26378.4 | D8: 30034.1
A9: Аварийное обслуживание | B9: 1285.18
A10: Благоустройство | B10: 9862.63
A11: Вывоз и утилизация ТКО, в т.ч. крупногабаритного мусора | B11: 26378.4
A12: Обслуживание и текущий ремонт электрооборудования жилых домов | B12: 3262.48
A13: Обслуживание инженерного оборудования | B13: 19385.5
A14: Обслуживание конструктивных элементов | B14: 3190.41
A15: Расходы на истребование задолженности по оплате жилых помещений | B15: 476.34
A16: Текущий ремонт инженерного оборудования | B16: 1873.8
A17: Текущий ремонт конструктивных элементов жилых зданий | B17: 2822.91
A18: Транспортные расходы | B18: 1742.46
A19: Уборка придомовой территории | B19: 55896.96
A20: Уборка чердаков и подвалов | B20: 941.88
A21: Услуги по управлению МКД | B21: 14005.66
A22: Итого: | B22: =SUM(B9:B21) -> 141124.61 | C22: 140056.56 | D22: 134124.66 | E22: =D22-B22-B6 -> -195882.27
A23: Долг за выполненные работы (доходы за минусом расходов) на 01.01.2018 г. - 195 882,27 руб.
A24: Задолженность по оплате за содержание и текущий ремонт на 01.01.2018 г. - 68 138,18 руб.
A26: Директор ООО "ЖЭУ №6" Плотников А.А. __________________
A27: Отчет составил: экономист Сундукова Ю.А. _______________
A28: Отчет получил: ________________________________________________________
A29: Дата __________________

Sheet 2018
A1: Отчет по бюджету № 58/5-2018
A3: Период: с 01.01.2018 по 31.12.2018 года.
A5: ОБЩИЕ СВЕДЕНИЯ ОБ ОБЪЕКТЕ
A6: Этажность | B6: 2 | C6: Общая жилая площадь, м2 | D6: 872.3 | E6: Площадь кровли, м2 | F6: 810.7
A7: Количество подъездов | B7: 2 | C7: Площадь нежилых помещений, м2 | D7: 0 | E7: Площадь чердаков, м2 | F7: 523
A8: Количество квартир | B8: 12 | C8: Площадь л/ клеток, тамбуров, лифтов, м/камер, м2 | D8: 78.8 | E8: Площадь подвалов, м2 | F8: 133.6
A11: Наименование | F11: Значение
A12: Списание долга за выполненые работы на 01.01.2015 | F12: 132042.87
A13: Переходящие остатки денежных средств за выполненые работы (на начало периода; + резерв, - долг) | F13: =-195882.27+F12 -> -63839.4
A14: Задолженность по оплате за содержание и текущий ремонт общего имущества МКД (на начало периода) | F14: 52791.63
A15: Начислено за работы (услуги) по содержанию и текущему ремонту и аренду общего имущества МКД, в том числе: | F15: =SUM(F16:F18) -> 140056.56
A16: - за жилые помещения | F16: 140056.56
A17: - за нежилые помещения
A18: - за рекламу и аренду общего имущества МКД
A19: Получено денежных средств, в т. ч: | F19: =SUM(F20:F22) -> 136672.84
A20: - за жилые помещения | F20: 136672.84
A21: - за нежилые помещения
A22: - за рекламу и аренду общего имущества МКД
A23: Всего денежных средств с учетом остатков | F23: =F13+F19 -> 72833.44
A24: Выполненные работы (оказанные услуги) по содержанию общего имущества и текущему ремонту в отчетном периоде | F24: ='Акт (2)'!E50 -> 137473.91
A25: Переходящие остатки денежных средств за выполненые работы (на конец периода; + резерв, - долг) | F25: =F23-F24 -> -64640.468
A26: Задолженность по оплате за содержание и текущий ремонт общего имущества МКД (на конец периода) | F26: =F14+F15-F19 -> 56175.35
A28: Директор ООО "ТРЭК" Плотников А.А. __________________
A29: Отчет составил: экономист Осипова М.С. _______________
A30: Отчет получил: ________________________________________________________
A31: Дата __________________

Sheet Акт (2)
A1: АКТ № 58/5-2018
A2: приемки оказанных услуг и (или) выполненных работ по содержанию и текущему ремонту общего имущества в многоквартирном доме № 5 квартала 58.
A3: г. Ангарск | D3: "31" марта 2019 г.
A5: Наименование вида работы (услуги) | B5: Периодичность/ количественный показатель выполненной работы (оказанной услуги) | C5: Единица измерения работы (услуги) | D5: Стоимость /сметная стоимость выполненной работы (оказанной услуги) за единицу | E5: Цена выполненной работы (оказанной услуги), в рублях
A6: Аварийное обслуживание
A7: Аварийное обслуживание | B7: Ежедневно | C7: руб. | D7: =E7 -> 1360.79 | E7: 1360.79
A8: Благоустройство
A9: Вырезка сухих ветвей деревьев лиственных пород диаметр: до 350 мм при кол-ве срезанных ветвей до 15 | B9: 1 | C9: 1 дерево | D9: =E9/B9 -> 806.54 | E9: 806.54
A10: Завоз песка, ПГС, щебня, земли | B10: По факту | C10: руб. | D10: =E10 -> 4000 | E10: 4000
A11: Обрезка деревьев высотой: более 5 м без формовки | B11: 1 | C11: 1 дерево | D11: =E11/B11 -> 895.26 | E11: 895.26
A12: Окраска известковыми составами: по кирпичу и бетону (бордюр. столбики, столбы) | B12: 0.293 | C12: 100 м2 | D12: =E12/B12 -> 4716.3823 | E12: 1381.9
A13: Разделка древесины мягких пород, полученной от валки леса, диам. стволов: до 16 см | B13: 0.06 | C13: 100 шт. | D13: =E13/B13 -> 5212.5 | E13: 312.75
A14: Ремонт качели-маятник без окраски | B14: 0.33 | C14: шт | D14: =E14/B14 -> 2098.0303 | E14: 692.35
A15: Вывоз и утилизация ТКО, в т.ч. крупногабаритного мусора
A16: Вывоз и утилизация ТКО, в т.ч. крупногабаритный мусор | B16: Ежедневно | C16: руб. | D16: =E16 -> 26378.35 | E16: 26378.35
A17: Обслуживание и текущий ремонт электрооборудования жилых домов
A18: Обслуживание и текущий ремонт электрооборудования жилых домов | B18: По плану | C18: руб. | D18: =E18 -> 2904.3 | E18: =759.83+2144.47 -> 2904.3
A19: Обслуживание инженерного оборудования
A20: Запуск потока воды: отопление, ГВС | B20: 1 | C20: 1 узел | D20: =E20/B20 -> 83.75 | E20: 83.75
A21: Запуск системы отопления. | B21: 1 | C21: 1 здание | D21: =E21/B21 -> 839.52 | E21: 839.52
A22: Опрессовка ТУ диаметром: до 50 мм | B22: 0.07 | C22: 100 м | D22: =E22/B22 -> 6095.4286 | E22: 426.68
A23: Осмотр выпусков канализации (засоры, подпоры) прим. | B23: 1 | C23: 1 здание | D23: =E23/B23 -> 254.67 | E23: 254.67
A24: Осмотр подвальных помещений (засоры, подпоры) прим. | B24: 0.27 | C24: 1000 м2 | D24: =E24/B24 -> 1728.7778 | E24: 466.77
A25: Осмотр СТО | B25: 0.01 | C25: 100 квартир | D25: =E25/B25 -> 25109 | E25: 251.09
A26: Осмотр СТО в чердачных и подвальных помещениях (весенний и осенний) | B26: 2.298 | C26: 1000 м2 | D26: =E26/B26 -> 1679.1079 | E26: 3858.59
A27: Отключение системы отопления (консервация) - прим. | B27: 1 | C27: 1 здание | D27: =E27/B27 -> 503.4 | E27: 503.4
A28: Перевод отопления с подачи на обратку или с обратки на подачу | B28: 3 | C28: узел | D28: =E28/B28 -> 215.50333 | E28: 646.51
A29: Перекрытие потока воды: отопление, ГВС | B29: 1 | C29: 1 узел | D29: =E29/B29 -> 67.25 | E29: 67.25
A30: Подготовка элеваторного узла Д-50 к зиме | B30: 1 | C30: шт | D30: =E30/B30 -> 3731.3 | E30: 3731.3
A31: Промывка трубопровода системы отопления | B31: 4035 | C31: м3 | D31: =E31/B31 -> 1.221943 | E31: 4930.54
... A33: Укрепление расшатанного унитаза | B33: 1 | C33: шт | D33: =E33/B33 -> 195.25 | E33: 195.25
A34: Обслуживание конструктивных элементов
A35: Закрытие подвальных окон и люков (прим) | B35: 0.2 | C35: 10 шт. | D35: =E35/B35 -> 1888.9 | E35: 377.78
A36: Осмотр кровли, чердака, подъездов, подвального помещения -подготовка к зиме | B36: 0.734 | C36: 1000 м2 | D36: =E36/B36 -> 1651.3079 | E36: 1212.06
A37: Плановые проверки вентиляционных каналов и оголовков | C37: м2 | D37: =E37 -> 2477.33 | E37: 2477.33
A38: Расходы на истребование задолженности по оплате жилых помещений
A39: Истребование дебиторской задолженности | B39: По факту | C39: руб. | D39: =E39 -> 844.33 | E39: 844.33
A40: Текущий ремонт инженерного оборудования
A41: Заделка свища сваркой при длине стыка до 6 мм | B41: 1 | C41: шт | D41: =E41/B41 -> 593.54 | E41: 593.54
A42: Осмотр замеры рамок холодной воды | B42: 0.01 | C42: чел.-ч | D42: =E42/B42 -> 25297 | E42: 252.97
A43: Транспортные расходы
A44: Услуги автотранспорта | B44: По факту | C44: руб. | D44: =E44 -> 310 | E44: 310
A45: Уборка придомовой территории
A46: Уборка придомовой территории | B46: По тарифу | C46: м2 | D46: =E46 -> 55896.98 | E46: 55896.98
A47: Услуги по вывозу и утилизации листвы, веток, деревьев, скошенной травы , смета и др. | B47: По факту | C47: руб. | D47: =E47 -> 897.39 | E47: 897.39
A48: Услуги по управлению МКД
A49: Услуги по управлению МКД | B49: Ежедневно | C49: руб. | D49: =E49 -> 12497.628 | E49: =SUM(E7:E47)*10% -> 12497.628
A50: Итого: | E50: =SUM(E7:E49) -> 137473.91
A52: Всего за период с "01" января 2018 г. по "31"декабря 2018 г. выполнено работ (оказано услуг) на общую сумму 137 473,91 руб. (Сто тридцать семь тысяч четыреста семьдесят три рубля 91 копейка)
A54: Работы (услуги) выполнены (оказаны) полностью, в установленные сроки, с надлежащим качеством.
A55: Претензий по выполнению условий Договора Стороны друг к другу не имеют.
A56: Настоящий Акт составлен в 2-х экземплярах, имеющих одинаковую юридическую силу, по одному для каждой из Сторон.
A60: Подписи Сторон:
A62: Исполнитель - Директор ООО "ТРЭК" Плотников А.А. | C62: __________________________
A63: (должность, ФИО) | C63: (подпись)
A65: Заказчик - ____________________________________________________ | C65: __________________________
A66: (ФИО) | C66: (подпись)

Sheet 2019
A1: Отчет по бюджету № 58/5-2019
A3: Период: с 01.01.2019 по 31.12.2019 года.
A5: ОБЩИЕ СВЕДЕНИЯ ОБ ОБЪЕКТЕ
A6: Этажность | B6: 2 | C6: Общая жилая площадь, м2 | D6: 872.3 | E6: Площадь кровли, м2 | F6: 810.7
A7: Количество подъездов | B7: 2 | C7: Площадь нежилых помещений, м2 | D7: 0 | E7: Площадь чердаков, м2 | F7: 523
A8: Количество квартир | B8: 12 | C8: Площадь л/ клеток, тамбуров, лифтов, м/камер, м2 | D8: 78.8 | E8: Площадь подвалов, м2 | F8: 133.6
A11: Наименование | F11: Значение
A12: Переходящие остатки денежных средств за выполненые работы (на начало периода; + резерв, - долг) | F12: -64640.468
A13: Задолженность по оплате за содержание и текущий ремонт общего имущества МКД (на начало периода) | F13: 56175.35
A14: Начислено за работы (услуги) по содержанию и текущему ремонту и аренду общего имущества МКД, в том числе: | F14: =SUM(F15:F17) -> 111526.87
A15: - за жилые помещения | F15: =465.79+111061.08 -> 111526.87
A16: - за нежилые помещения
A17: - за рекламу и аренду общего имущества МКД
A18: Получено денежных средств, в т. ч: | F18: =SUM(F19:F21) -> 124990.05
A19: - за жилые помещения | F19: =465.79+124524.26 -> 124990.05
A20: - за нежилые помещения
A21: - за рекламу и аренду общего имущества МКД
A22: Всего денежных средств с учетом остатков | F22: =F12+F18 -> 60349.582
A23: Выполненные работы (оказанные услуги) по содержанию общего имущества и текущему ремонту в отчетном периоде | F23: =Лист3!E60 -> 120090.98
A24: Переходящие остатки денежных средств за выполненые работы (на конец периода; + резерв, - долг) | F24: =F22-F23 -> -59741.4
A25: Задолженность по оплате за содержание и текущий ремонт общего имущества МКД (на конец периода) | F25: =F13+F14-F18 -> 42712.17
A27: Директор ООО "ТРЭК" Плотников А.А. __________________
A28: Отчет составил: экономист Осипова М.С. _______________
A29: Отчет получил: ________________________________________________________
A30: Дата __________________

Sheet Лист3
A2: .
B3: АКТ № 58/5
B4: приемки оказанных услуг и (или) выполненных работ по содержанию
B5: и текущему ремонту общего имущества в многоквартирном доме
A6: г. Ангарск | E6: 31 марта 2020 г.
A8: Собственники помещений в многоквартином доме, расположенном по адресу: ________________________ , именуемые в дальнейшем "Заказчик", в лице ___________________________________________________________________________________,
A9: являющегося собственником квартиры № _____, находящейся в данном многоквартирном доме, действующего на основании протокола общего собрания собственников, с одной стороны, и управляющая компания ООО "ТРЭК", именуемая в дальнейшем
A10: "Исполнитель", в лице директора Плотникова А.А., действующего на основании Устава, с другой стороны, совместно именуемые "Стороны", составили настоящий акт о нижеследующем:
A11: 1. Исполнителем предъявлены к приемке следующие оказанные на основании договора управления многоквартирным домом или договора оказания услуг по содержанию и (или) выполнению работ по ремонту общего имущества в многоквартирном
A12: доме, либо договора подряда по выполнению работ по ремонту общего имущества в многоквартирном доме (указать нужное) № _______ от "____" ___________________ ______ г. (далее - "Договор") услуги и (или) выполненные работы по содержанию
A13: и текущему ремонту общего имущества в многоквартирном доме № _____, расположенном по адресу: ______________________:
A15: Наименование вида работы (услуги) | B15: Периодичность / количественный показатель выполненной работы (оказанной услуги) | C15: Единица измерения работы (услуги) | D15: Стоимость / сметная стоимость выполненной работы (оказанной услуги) за единицу | E15: Цена выполненной работы (оказанной услуги), в рублях
A16: Аварийное обслуживание
A17: Аварийное обслуживание | B17: Ежедневно | C17: руб. | D17: 0.13 | E17: 1360.79
A18: Благоустройство и обеспечение санитарного состояния МКД и придомовой територии
A19: Уборка придомовой территории и лестничных клеток | B19: По тарифу | C19: м2 | D19: =E19 -> 55896.98 | E19: 55896.98
A20: Услуги спец.техники по благоустройству (очистка наледи, снега) | B20: По факту | C20: руб. | D20: =E20 -> 178.19 | E20: 178.19
A21: Обслуживание и текущий ремонт инженерного оборудования
A22: Изоляция трубопровода матами с совмещенным покрывным слоем | B22: 0.097 | C22: 1 м3 | D22: =E22/B22 -> 21800.309 | E22: 2114.63
A23: Регулировка температуры отопления в ИТП вентилями | B23: 1 | C23: шт | D23: =E23/B23 -> 303.61 | E23: 303.61
A24: Запуск потока воды: отопление, ГВС | B24: 1 | C24: 1 узел | D24: =E24/B24 -> 91.38 | E24: 91.38
A25: Запуск системы отопления. | B25: 1 | C25: 1 здание | D25: =E25/B25 -> 907.5 | E25: 907.5
A26: Ликвидация воздушных пробок в системе отопления, в стояке | B26: 1 | C26: 1 стояк | D26: =E26/B26 -> 665.19 | E26: 665.19
A27: Осмотр и устранение мелких неисправностей на РХВ | B27: 1 | C27: шт | D27: =E27/B27 -> 150.94 | E27: 150.94
A28: Осмотр системы центрального отопления, устройств в чердачных и подвальных помещениях. | B28: 0.1 | C28: 1000 м2 | D28: =E28/B28 -> 1791.3 | E28: 179.13
A29: Осмотр СТО | B29: 0.01 | C29: 100 квартир | D29: =E29/B29 -> 27300 | E29: 273
A30: Осмотр СТО в чердачных и подвальных помещениях (весенний и осенний) | B30: 1.465 | C30: 1000 м2 | D30: =E30/B30 -> 1821.3379 | E30: 2668.26
A31: Отключение системы отопления (консервация) - прим. | B31: 1 | C31: 1 здание | D31: =E31/B31 -> 549.39 | E31: 549.39
A32: Перевод отопления с подачи на обратку или с обратки на подачу | B32: 5 | C32: узел | D32: =E32/B32 -> 225.858 | E32: 1129.29
A33: Перекрытие потока воды: отопление, ГВС | B33: 2 | C33: 1 узел | D33: =E33/B33 -> 73.19 | E33: 146.38
... A38: Снятие и запись замера в наряде (ИТП,РХВ) | B38: 30 | C38: 1 ИТП | D38: =E38/B38 -> 271.382 | E38: 8141.46
A39: Обслуживание и текущий ремонт конструктивных элементов
A40: Изготовление щита из доски б/у | B40: 0.028 | C40: 100 м2 | D40: =E40/B40 -> 19946.786 | E40: 558.51
A41: Окраска казеиновыми красками ранее окрашенных фасадов. | B41: 0.008 | C41: 100 м2 | D41: =E41/B41 -> 172931.25 | E41: 1383.45
A42: Ремонт отдельных мест покрытия из асбоцементных листов: обыкновенного профиля (мат. БУ) | B42: 7.56 | C42: м2 | D42: =E42/B42 -> 285.34127 | E42: 2157.18
A43: Ремонт штукатурки фасадов с автовышки | B43: 0.76 | C43: 100 м2 | D43: =E43/B43 -> 4877.0395 | E43: 3706.55
A44: Смена обделок из листовой стали поясков, сандриков, отливов, карнизов шириной до: 0,7 мм | B44: 0.009 | C44: 100 м | D44: =E44/B44 -> 104928.89 | E44: 944.36
A45: Установка частей канализационных вытяжек | B45: 0.055 | C45: 100 м | D45: =E45/B45 -> 83714.909 | E45: 4604.32
A46: Осмотр квартир | B46: 0.01 | C46: 100 квартир | D46: =E46/B46 -> 28516 | E46: 285.16
A47: Осмотр кровли, чердака, люков | B47: 0.17 | C47: 1000 м2 | D47: =E47/B47 -> 1901.5882 | E47: 323.27
A48: Осмотр кровли, чердака, подъездов, подвального помещения - весенний осмотр | B48: 0.73 | C48: 1000 м2 | D48: =E48/B48 -> 1849.9726 | E48: 1350.48
A49: Осмотр кровли, чердака, подъездов, подвального помещения -подготовка к зиме | B49: 0.734 | C49: 1000 м2 | D49: =E49/B49 -> 1834.3733 | E49: 1346.43
A50: Очистка кровли от снега толщ. 10см, сбивание сосулей вышка | B50: 35 | C50: 1 м 1 основания | D50: =E50/B50 -> 73.864286 | E50: 2585.25
A51: Проверка исправности канализационных вытяжек | B51: 3 | C51: 1 кв | D51: =E51/B51 -> 228.39333 | E51: 685.18
... A53: Укладка (установка) щитов из доски б/у (без подгонки) | B53: 0.028 | C53: 100 м2 | D53: =E53/B53 -> 9197.8571 | E53: 257.54
A54: Обслуживание и текущий ремонт электрооборудования жилых домов
A55: Обслуживание и текущий ремонт электрооборудования жилых домов | B55: По договору | C55: руб. | D55: =E55 -> 2720.01 | E55: 2720.01
A56: Расходы на истребование задолженности по оплате жилых помещений
A57: Истребование дебиторской задолженности | B57: По факту | C57: руб. | D57: =E57 -> 253.79 | E57: 253.79
A58: Услуги по управлению МКД
A59: Услуги по управлению МКД | B59: Ежедневно | C59: руб. | D59: =E59 -> 10917.362 | E59: =SUM(E17:E57)*10% -> 10917.362
A60: Итого: | E60: =SUM(E17:E59) -> 120090.98
A63: 2. Всего за период с "01"января 2019 г. по "31"декября 2019 г. выполнено работ на общую сумму 120090.98 руб. (Сто двадцать тысяч девяносто рублей 98 копеек)
A64: 3. Работы (услуги) выполнены (оказаны) полностью, в установленные сроки, с надлежащим качеством.
A65: 4. Претензий по выполнению условий Договора Стороны друг к другу не имеют.
A66: Настоящий акт составлен в 2-х экземплярах, имеющих одинаковую юридическую силу, по одному для каждой из Сторон.
A69: Исполнитель - Директор ООО "ТРЭК", Плотников А.А.
A70: ________________________________________ ____________________________________
D71: (подпись)
A73: Заказчик - ________________________________________ __________________________________
D74: (подпись)

Sheet 2020
A1: Отчет по бюджету № 58/5-2020
A3: Период: с 01.01.2020 по 31.12.2020 года.
A5: ОБЩИЕ СВЕДЕНИЯ ОБ ОБЪЕКТЕ
A6: Этажность | B6: 2 | C6: Общая жилая площадь, м2 | D6: 872.3 | E6: Площадь кровли, м2 | F6: 810.7
A7: Количество подъездов | B7: 2 | C7: Площадь нежилых помещений, м2 | D7: 0 | E7: Площадь чердаков, м2 | F7: 523
A8: Количество квартир | B8: 12 | C8: Площадь л/ клеток, тамбуров, лифтов, м/камер, м2 | D8: 78.8 | E8: Площадь подвалов, м2 | F8: 133.6
A11: Наименование | F11: Значение
A12: Переходящие остатки денежных средств за выполненые работы (на начало периода; + резерв, - долг) | F12: -59741.4
A13: Задолженность по оплате за содержание и текущий ремонт общего имущества МКД (на начало периода) | F13: 42712.17
A14: Начислено за работы (услуги) по содержанию и текущему ремонту и аренду общего имущества МКД, в том числе: | F14: =SUM(F15:F17) -> 111061.08
A15: - за жилые помещения | F15: 111061.08
A16: - за нежилые помещения
A17: - за рекламу и аренду общего имущества МКД
A18: Получено денежных средств, в т. ч: | F18: =SUM(F19:F21) -> 102158.01
A19: - за жилые помещения | F19: 102158.01
A20: - за нежилые помещения
A21: - за рекламу и аренду общего имущества МКД
A22: Всего денежных средств с учетом остатков | F22: =F12+F18 -> 42416.61
A23: Выполненные работы (оказанные услуги) по содержанию общего имущества и текущему ремонту в отчетном периоде | F23: =Лист1!E63 -> 121129.98
A24: Переходящие остатки денежных средств за выполненные работы (на конец периода; + резерв, - долг) | F24: =F22-F23 -> -78713.366
A25: Задолженность по оплате за содержание и текущий ремонт общего имущества МКД (на конец периода) | F25: =F13+F14-F18 -> 51615.24
A27: Директор ООО "ТРЭК" Плотников А.А. __________________
A28: Отчет составил: экономист Осипова М.С. _______________
A29: Отчет получил: ________________________________________________________
A30: Дата __________________

Sheet Лист1
A2: .
B3: АКТ № 58/5
A4: приемки оказанных услуг и (или) выполненных работ по содержанию
A5: и текущему ремонту общего имущества в многоквартирном доме
A6: г. Ангарск | E6: 31 марта 2021 г.
A8: Собственники помещений в многоквартином доме, расположенном по адресу: ________________________ , именуемые в дальнейшем "Заказчик", в лице ___________________________________________________________________________________,
A9: являющегося собственником квартиры № _____, находящейся в данном многоквартирном доме, действующего на основании протокола общего собрания собственников, с одной стороны, и управляющая компания ООО "ТРЭК", именуемая в дальнейшем
A10: "Исполнитель", в лице директора Плотникова А.А., действующего на основании Устава, с другой стороны, совместно именуемые "Стороны", составили настоящий акт о нижеследующем:
A11: 1. Исполнителем предъявлены к приемке следующие оказанные на основании договора управления многоквартирным домом или договора оказания услуг по содержанию и (или) выполнению работ по ремонту общего имущества в многоквартирном
A12: доме, либо договора подряда по выполнению работ по ремонту общего имущества в многоквартирном доме (указать нужное) № _______ от "____" ___________________ ______ г. (далее - "Договор") услуги и (или) выполненные работы по содержанию
A13: и текущему ремонту общего имущества в многоквартирном доме № _____, расположенном по адресу: ______________________:
A15: Наименование вида работы (услуги) | B15: Периодичность / количественный показатель выполненной работы (оказанной услуги) | C15: Единица измерения работы (услуги) | D15: Стоимость / сметная стоимость выполненной работы (оказанной услуги) за единицу | E15: Цена выполненной работы (оказанной услуги), в рублях
A16: Аварийное обслуживание
A17: Аварийное обслуживание | B17: Ежедневно | C17: руб. | D17: 0.13 | E17: 1360.79
A18: Благоустройство и обеспечение санитарного состояния МКД и придомовой територии
A19: Вывоз листвы и смета | B19: По факту | C19: м2 | D19: =E19 -> 69.21 | E19: 69.21
A20: Дезинфекция мест общего пользования МКД | B20: По факту | C20: м2 | D20: =E20 -> 945.6 | E20: 945.6
A21: Окраска известковыми составами: по кирпичу и бетону (бордюр. столбики, столбы) | B21: По факту | C21: 100 м2 | D21: =E21 -> 1630.85 | E21: 1630.85
A22: Разделка древесины мягких пород, полученной от валки леса, диам. стволов: до 20 см | B22: 0.05 | C22: 100 шт. | D22: =E22/B22 -> 11221 | E22: 561.05
A23: Уборка придомовой территории и лестничных клеток | B23: По тарифу | C23: м2 | D23: =E23 -> 55896.98 | E23: 55896.98
A24: Обслуживание и текущий ремонт инженерного оборудования
A25: Консервация системы отопления | B25: 1 | C25: 100 м | D25: =E25/B25 -> 724.61 | E25: 724.61
A26: Осмотр кровли,чердака,подъездов,подвала,фасада-после землетр-ия, в т.ч. рем-т выявленных повреждений | B26: По факту | C26: 1000 м2 | D26: =E26 -> 1474.06 | E26: 1474.06
A27: Проверка работ-ти запорной арматуры, устранение мелких неисправностей, проверка работы ПУ РХВ | B27: 0.01 | C27: 100 шт. | D27: =E27/B27 -> 30407 | E27: 304.07
A28: Запуск потока воды: отопление, ГВС, ХВС | B28: 5 | C28: 1 узел | D28: =E28/B28 -> 101.15 | E28: 505.75
A29: Запуск системы отопления. | B29: 1 | C29: 1 здание | D29: =E29/B29 -> 1012.36 | E29: 1012.36
A30: Осмотр подвальных помещений | B30: 0.17 | C30: 1000 м2 | D30: =E30/B30 -> 1813.7059 | E30: 308.33
A31: Осмотр СТО | B31: 0.06 | C31: 100 квартир | D31: =E31/B31 -> 30178.667 | E31: 1810.72
A32: Осмотр СТО в чердачных и подвальных помещениях (весенний и осенний) | B32: 1.465 | C32: 1000 м2 | D32: =E32/B32 -> 2009.5154 | E32: 2943.94
A33: Осмотр, замеры, опломбировка ПУ Т/У с представителем | B33: 0.02 | C33: 100 шт. | D33: =E33/B33 -> 30112.5 | E33: 602.25
A34: Осмотр, РХВ замеры | B34: 0.01 | C34: 100 шт. | D34: =E34/B34 -> 30102 | E34: 301.02
A35: Перевод отопления с подачи на обратку или с обратки на подачу | B35: 4 | C35: узел | D35: =E35/B35 -> 252.1725 | E35: 1008.69
A36: Перекрытие потока воды: отопление, ГВС, ХВС | B36: 5 | C36: 1 узел | D36: =E36/B36 -> 80.95 | E36: 404.75
A37: Подготовка элеваторного узла | B37: 1 | C37: шт | D37: =E37/B37 -> 4397.99 | E37: 4397.99
A38: Промывка трубопровода системы отопления | B38: 1 | C38: 1 здание | D38: =E38 -> 4407.03 | E38: 4407.03
A39: Сдача ИТП представителю энергоснабжающей организации | B39: 1 | C39: 1 ИТП | D39: =E39/B39 -> 868.12 | E39: 868.12
A40: Сдача РХВ представителю водоканала, составление акта | B40: 0.01 | C40: 1 ИТП | D40: =E40/B40 -> 30424 | E40: 304.24
A41: Снятие и запись замера в наряде (ИТП,РХВ) | B41: 30 | C41: 1 ИТП | D41: =E41/B41 -> 299.624 | E41: 8988.72
A42: Обслуживание и текущий ремонт конструктивных элементов
A43: Герметизация вводов в подвальное помещение | B43: 0.01 | C43: 100 шт. | D43: =E43/B43 -> 34929 | E43: 349.29
A44: Окраска контейнера | B44: 0.144 | C44: 100 м2 | D44: =E44/B44 -> 34906.042 | E44: 5026.47
A45: Осмотр кровли,чердака,подъездов,подвала,фасада-после землетр-ия, в т.ч. рем-т выявленных повреждений | B45: По факту | C45: 1000 м2 | D45: =E45 -> 1782.93 | E45: 1782.93
A46: Перенавеска аншлага | B46: 0.01 | C46: 100 шт. | D46: =E46/B46 -> 25623 | E46: 256.23
A47: Ремонт кирпичной кладки стен отдельными местами | B47: 0.047 | C47: 1 м3 | D47: =E47/B47 -> 20013.191 | E47: 940.62
A48: Ремонт штакетного забора. | B48: 0.012 | C48: 100 м | D48: =E48/B48 -> 25100.833 | E48: 301.21
A49: Ручная односторонняя сварка деталей контейнера из листовой стали | B49: 0.6 | C49: 10 м | D49: =E49/B49 -> 2247.8833 | E49: 1348.73
A50: Снятие оконных переплетов: неостекленных | B50: 0.014 | C50: 100 м2 | D50: =E50/B50 -> 17380.714 | E50: 243.33
A51: Закрытие подвальных окон и люков (прим) | B51: 0.3 | C51: 10 шт. | D51: =E51/B51 -> 2366.4333 | E51: 709.93
A52: Осмотр кровли, чердака, подъездов, подвального помещения - весенний осмотр | B52: 0.735 | C52: 1000 м2 | D52: =E52/B52 -> 2021.7279 | E52: 1485.97
A53: Осмотр кровли, чердака, подъездов, подвального помещения -подготовка к зиме | B53: 0.734 | C53: 1000 м2 | D53: =E53/B53 -> 2008.0518 | E53: 1473.91
A54: Очистка желобов от мусора: вручную (при расчете 1 кг. мусора = 3 м 1 желоба) - в. | B54: 6 | C54: м | D54: =E54/B54 -> 101.13333 | E54: 606.8
A55: Плановые проверки вентиляционных каналов и оголовков | B55: По плану | C55: 1000 м2 | D55: =E55 -> 891.48 | E55: 891.48
A56: Укрепление дверных приборов: петли (шарниры), шпингалеты, ручки накладные | B56: 0.02 | C56: 100 шт. | D56: =E56/B56 -> 52505 | E56: 1050.1
A57: Обслуживание и текущий ремонт электрооборудования жилых домов
A58: Обслуживание и текущий ремонт электрооборудования жилых домов | B58: По договору | C58: руб. | D58: =E58 -> 2610.68 | E58: 2610.68
A59: Расходы на истребование задолженности по оплате жилых помещений. Содержание информационных систем
A60: Содержание информационных систем, обеспечивающих сбор, обработку и хранение данных | B60: По факту | C60: руб. | D60: =E60 -> 209.35 | E60: 209.35
A61: Услуги по управлению МКД
A62: Услуги по управлению МКД | B62: Ежедневно | C62: руб. | D62: =E62 -> 11011.816 | E62: =SUM(E16:E60)*10% -> 11011.816
A63: Итого: | E63: =SUM(E16:E62) -> 121129.98
A66: 2. Всего за период с "01"января 2020 г. по "31"декабря 2020 г. выполнено работ на общую сумму 121129.98 руб. (Сто двадцать одна тысяча сто двадцать девять рублей 98 копеек)
A67: 3. Работы (услуги) выполнены (оказаны) полностью, в установленные сроки, с надлежащим качеством.
A68: 4. Претензий по выполнению условий Договора Стороны друг к другу не имеют.
A69: Настоящий акт составлен в 2-х экземплярах, имеющих одинаковую юридическую силу, по одному для каждой из Сторон.
A72: Исполнитель - Директор ООО "ТРЭК", Плотников А.А.
A73: __________________________________________ ____________________________________
D74: (подпись)
A76: Заказчик - ________________________________________ __________________________________
D77: (подпись)

Sheet 2021
A1: Отчет по бюджету № 58/5-2021
A3: Период: с 01.01.2021 по 31.12.2021 года.
A5: ОБЩИЕ СВЕДЕНИЯ ОБ ОБЪЕКТЕ
A6: Этажность | B6: 2 | C6: Общая жилая площадь, м2 | D6: 872.3 | E6: Площадь кровли, м2 | F6: 810.7
A7: Количество подъездов | B7: 2 | C7: Площадь нежилых помещений, м2 | D7: 0 | E7: Площадь чердаков, м2 | F7: 523
A8: Количество квартир | B8: 12 | C8: Площадь л/ клеток, тамбуров, лифтов, м/камер, м2 | D8: 78.8 | E8: Площадь подвалов, м2 | F8: 133.6
A11: Наименование | F11: Значение
A12: Переходящие остатки денежных средств за выполненые работы (на начало периода; + резерв, - долг) | F12: -78713.366
A13: Задолженность по оплате за содержание и текущий ремонт общего имущества МКД (на начало периода) | F13: 51615.24
A14: Начислено за работы (услуги) по содержанию и текущему ремонту и аренду общего имущества МКД, в том числе: | F14: =SUM(F15:F17) -> 114934.09
A15: - за жилые помещения | F15: 114934.09
A16: - за нежилые помещения
A17: - за рекламу и аренду общего имущества МКД
A18: Получено денежных средств, в т. ч: | F18: =SUM(F19:F21) -> 106798.31
A19: - за жилые помещения | F19: 106798.31
A20: - за нежилые помещения
A21: - за рекламу и аренду общего имущества МКД
A22: Всего денежных средств с учетом остатков | F22: =F12+F18 -> 28084.944
A23: Выполненные работы (оказанные услуги) по содержанию общего имущества и текущему ремонту в отчетном периоде | F23: =акт21!E71 -> 121013.66
A24: Переходящие остатки денежных средств за выполненные работы (на конец периода; + резерв, - долг) | F24: =F22-F23 -> -92928.718
A25: Задолженность по оплате за содержание и текущий ремонт общего имущества МКД (на конец периода) | F25: =F13+F14-F18 -> 59751.02
A27: Директор ООО "ТРЭК" Плотников А.А. __________________
A28: Отчет составил: экономист _______________
A29: Отчет получил: ________________________________________________________
A30: Дата __________________

Sheet акт21
A2: .
A3: АКТ № 58/5
A4: приемки оказанных услуг и (или) выполненных работ по содержанию
A5: и текущему ремонту общего имущества в многоквартирном доме
A6: г. Ангарск | E6: 31 марта 2022 г.
A8: Собственники помещений в многоквартином доме, расположенном по адресу: ________________________ , именуемые в дальнейшем "Заказчик", в лице ___________________________________________________________________________________,
A9: являющегося собственником квартиры № _____, находящейся в данном многоквартирном доме, действующего на основании протокола общего собрания собственников, с одной стороны, и управляющая компания ООО "ТРЭК", именуемая в дальнейшем
A10: "Исполнитель", в лице директора Плотникова А.А., действующего на основании Устава, с другой стороны, совместно именуемые "Стороны", составили настоящий акт о нижеследующем:
A11: 1. Исполнителем предъявлены к приемке следующие оказанные на основании договора управления многоквартирным домом или договора оказания услуг по содержанию и (или) выполнению работ по ремонту общего имущества в многоквартирном
A12: доме, либо договора подряда по выполнению работ по ремонту общего имущества в многоквартирном доме (указать нужное) № _______ от "____" ___________________ ______ г. (далее - "Договор") услуги и (или) выполненные работы по содержанию
A13: и текущему ремонту общего имущества в многоквартирном доме № _____, расположенном по адресу: ______________________:
A15: Наименование вида работы (услуги) | B15: Периодичность / количественный показатель выполненной работы (оказанной услуги) | C15: Единица измерения работы (услуги) | D15: Стоимость / сметная стоимость выполненной работы (оказанной услуги) за единицу | E15: Цена выполненной работы (оказанной услуги), в рублях
A16: Аварийное обслуживание
A17: Аварийное обслуживание | B17: Ежедневно | C17: руб. | D17: 0.14 | E17: 1465.46
A18: Благоустройство и обеспечение санитарного состояния МКД и придомовой територии
A19: Разборка деревянных заборов звеньями | B19: 0.06 | C19: 100 м2 | D19: =E19/B19 -> 13674 | E19: 820.44
A20: Разделка древесины мягких пород, полученной от валки леса | B20: 0.01 | C20: 100 шт. | D20: =E20/B20 -> 8330 | E20: =32.08+51.22 -> 83.3
A21: Услуги по вывозу и утилизации листвы, веток, деревьев, скошенной травы , смета и др. | B21: По факту | C21: руб. | D21: =E21 -> 234.29 | E21: 234.29
A22: Уборка придомовой территории и лестничных клеток | B22: По тарифу | C22: м2 | D22: =E22 -> 51500.64 | E22: 51500.64
A23: Обслуживание и текущий ремонт инженерного оборудования
A24: Регулировка температуры отопления в ИТП вентилями | B24: 1 | C24: шт | D24: =E24/B24 -> 380.54 | E24: 380.54
A25: Установка заглушек на трубопроводах д. 100мм | B25: 0.01 | C25: 100 шт. | D25: =E25/B25 -> 92711 | E25: 927.11
A26: Временная заделка свищей и трещин на внутренних трубопроводах и стояках. | B26: 1 | C26: 1 место | D26: =E26/B26 -> 262.03 | E26: 262.03
A27: Запуск потока воды: отопление, ГВС, ХВС | B27: 2 | C27: 1 узел | D27: =E27/B27 -> 97.48 | E27: 194.96
A28: Запуск системы отопления. | B28: 1 | C28: 1 здание | D28: =E28/B28 -> 1005.22 | E28: 1005.22
A29: Опрессовка ТУ диаметром: до 50 мм | B29: 1 | C29: 100 м | D29: =E29/B29 -> 828.19 | E29: 828.19
A30: Осмотр и устранение мелких неисправностей на РХВ | B30: 1 | C30: шт | D30: =E30/B30 -> 149.54 | E30: 149.54
A31: Осмотр подвальных помещений и выпуска при подпоре | B31: 1 | C31: 1 осмотр | D31: =E31/B31 -> 1105.73 | E31: 1105.73
A32: Осмотр подъездов, подвального помещения чердачного помещения | B32: 0.1 | C32: 1000 м2 | D32: =E32/B32 -> 4022.6 | E32: 402.26
A33: Осмотр подъездов, подвального помещения, чердачного помещения - по жалобе | B33: 0.1 | C33: 1000 м2 | D33: =E33/B33 -> 3830.2 | E33: 383.02
A34: Осмотр СТО | B34: 0.02 | C34: 100 квартир | D34: =E34/B34 -> 30151.5 | E34: 603.03
A35: Осмотр СТО в чердачных и подвальных помещениях ФКР | B35: 0.735 | C35: 1000 м2 | D35: =E35/B35 -> 1914.9932 | E35: 1407.52
... A47: Снятие и запись замера в наряде (ИТП,РХВ) | B47: 35 | C47: 1 ИТП | D47: =E47/B47 -> 302.39629 | E47: 10583.87
A48: Обслуживание и текущий ремонт конструктивных элементов
A49: Ремонт отдельных мест покрытия из асбоцементных листов: обыкновенного профиля (мат. БУ) | B49: 1.25 | C49: м2 | D49: =E49/B49 -> 962.32 | E49: 1202.9
A50: Ремонт отдельных мест скатной кровли (материалом Ризолит) | B50: 0.55 | C50: м2 | D50: =E50/B50 -> 697.76364 | E50: 383.77
A51: Осмотр кровли, чердака, подъездов, подвального помещения - весенний осмотр | B51: 0.735 | C51: 1000 м2 | D51: =E51/B51 -> 2011.7823 | E51: 1478.66
A52: Осмотр кровли, чердака, подъездов, подвального помещения - осенний осмотр | B52: 0.735 | C52: 1000 м2 | D52: =E52/B52 -> 2013.6735 | E52: 1480.05
A53: Осмотр оголовков вент. каналов с целью предотвращения закупорки в зимнее время с записью в спец. жур | B53: 1.621 | C53: 1000 м2 | D53: =E53/B53 -> 610.41949 | E53: 989.49
A54: Очистка кровли от снега толщ. 10 см, сбивание сосулей (в) | B54: 20 | C54: 1 м 2 основания | D54: =E54/B54 -> 75.827 | E54: 1516.54
A55: Проверка исправности вент. каналов, правильного расположения оголовков относ. крыши и наличия тяги | B55: 1.334 | C55: 1000 м2 | D55: =E55/B55 -> 1205.1574 | E55: 1607.68
A56: Смена дверных приборов: петли | B56: 0.01 | C56: 100 приборов | D56: =E56/B56 -> 57515 | E56: 575.15
A57: Укрепление дверных приборов: петли (шарниры), шпингалеты, ручки накладные | B57: 0.04 | C57: 100 шт. | D57: =E57/B57 -> 51521.75 | E57: 2060.87
A58: Обслуживание и текущий ремонт электрооборудования жилых домов
A59: Обслуживание и текущий ремонт электрооборудования жилых домов | B59: По договору | C59: руб. | D59: =E59 -> 4237.84 | E59: 4237.84
A60: Услуги а/вышки (электрооборудование) | B60: По факту | C60: руб. | D60: =E60 -> 600 | E60: 600
A61: Обслуживание ОДПУ
A62: Техническое обслуживание ОДПУ | B62: По договору | C62: руб. | D62: =E62 -> 3600 | E62: 3600
A63: Расходы на истребование задолженности по оплате жилых помещений. Содержание информационных систем
A64: Истребование дебиторской задолженности | B64: По факту | C64: руб. | D64: =E64 -> 400 | E64: 400
A65: Содержание информационных систем, обеспечивающих сбор, обработку и хранение данных | B65: По факту | C65: руб. | D65: =E65 -> 204.12 | E65: 204.12 | F65: =SUM(E17:E65) -> 110012.42 | G65: 110012.45
A66: Услуги по управлению МКД
A67: Услуги по управлению МКД | B67: Ежедневно | C67: руб. | D67: =E67 -> 11001.242 | E67: =SUM(E17:E65)*10% -> 11001.242
A68: Итого: | E68: =E67+F65 -> 121013.66
A71: 2. Всего за период с "01"января 2021 г. по "31"декабря 2021 г. выполнено работ на общую сумму | E71: =E68 -> 121013.66
A72: =[1]!Сумма_прописью(E71) -> Сто двадцать одна тысяча тринадцать рублей 66 копеек.
A73: 3. Работы (услуги) выполнены (оказаны) полностью, в установленные сроки, с надлежащим качеством.
A74: 4. Претензий по выполнению условий Договора Стороны друг к другу не имеют.
A75: Настоящий акт составлен в 2-х экземплярах, имеющих одинаковую юридическую силу, по одному для каждой из Сторон.
A77: Подписи Сторон:
A78: Исполнитель - Директор ООО "ТРЭК", Плотников А.А.
A79: ____________________________________________________ ____________________________________
D80: (подпись)
A82: Заказчик - ________________________________________ __________________________________
D83: (подпись)
